 Dungeon Crawl Stone Soup version 0.24-a0-160-gfa3a8d6 (webtiles) character file.

Game seed: 14023033228540890938

378 galech the Chopper (level 6, -10/48 HPs)
             Began as a Demonspawn Fighter on Mar 5, 2019.
             Was an Initiate of Okawaru.
             Killed from afar by an orc priest (12 damage)
             ... with a wand of flame (18)
             ... on level 4 of the Dungeon.
             The game lasted 00:03:33 (3033 turns).

galech the Chopper (Demonspawn Fighter)             Turns: 3033, Time: 00:03:34

Health: -10/48     AC: 11    Str: 21    XL:     6   Next: 45%
Magic:  0/6        EV:  5    Int: 10    God:    Okawaru [......]
Gold:   99         SH:  9    Dex: 14    Spells: 5/5 levels left

rFire    . . .     SeeInvis .   a - +0 war axe
rCold    . . .     Gourm    +   c - +0 shield
rNeg     . . .     Faith    .   l - +0 chain mail (curse)
rPois    .         Spirit   +   (helmet restricted)
rElec    .         Reflect  .   (no cloak)
rCorr    .         Harm     .   (no gloves)
MR       .....                  (no boots)
Stlth    ..........             j - amulet of the gourmand
HPRegen  0.16/turn              (no ring)
MPRegen  0.10/turn              (no ring)

@: mighty
A: antennae 1, thin metallic scales 1, magic shield, rot immunity
a: Renounce Religion


You were on level 4 of the Dungeon.
You worshipped Okawaru.
Okawaru was noncommittal.
You were completely stuffed.

You visited 1 branch of the dungeon, and saw 4 of its levels.

You collected 99 gold pieces.

Inventory:

Hand Weapons
 a - a +0 war axe (weapon)
Armour
 b - a +0 scale mail
 c - a +0 shield (worn)
 l - a cursed +0 chain mail (worn)
Jewellery
 j - an amulet of the gourmand (around neck)
 r - a +4 amulet of reflection {unknown}
 s - an uncursed ring of flight {unknown}
Scrolls
 e - 3 scrolls of identify {unknown}
 g - a scroll of random uselessness {unknown}
 h - a scroll of amnesia {unknown}
 i - 2 scrolls of immolation {unknown}
 k - 2 scrolls of remove curse {unknown}
Potions
 n - a potion of flight {unknown}
 o - a potion of mutation {unknown}
 p - a potion of curing {unknown}
 q - 2 potions of ambrosia {unknown}
Comestibles
 f - 7 rations
 m - 5 chunks of flesh


   Skills:
 + Level 3.8 Fighting
 + Level 4.3 Axes
 + Level 3.9 Armour
 + Level 0.6 Dodging
 + Level 0.1 Stealth
 + Level 3.6 Shields


You had 5 spell levels left.
You didn't know any spells.
Your spell library was empty.

Dungeon Overview and Level Annotations

Branches:
Dungeon (4/15)
 Temple: D:4-7

Altars:
Elyvilon
Fedhas
Nemelex Xobeh
Okawaru
Sif Muna
Trog
Uskayaw
Wu Jian


Innate Abilities, Weirdness & Mutations

You have a pair of small antennae on your head.
You are partially covered in thin metallic scales. (AC +2)
When hurt, damage is shared between your health and your magic reserves.
You are immune to rotting.


Message History

* * * LOW HITPOINT WARNING * * *
The orc priest hits you but does no damage.
The leopard gecko hisses menacingly.
You slash the orc!
You kill the orc!
Okawaru accepts your kill.
You slash the orc priest! You closely miss the orc. You slash the orc priest!
You kill the orc priest!
Okawaru accepts your kill.
You slash the worker ant! You block the worker ant's attack.
The orc priest calls upon Beogh to heal the orc priest.
The orc priest is healed somewhat.
The orc priest calls down the wrath of Beogh upon you.
Beogh smites you!
* * * LOW HITPOINT WARNING * * *
The orc hits you with a +0 hand axe.
* * * LOW HITPOINT WARNING * * *
You block the worker ant's attack. You block the orc priest's attack.
The orc priest zaps a wand.
The puff of flame hits you!
You die...

#...#.....##+#....
#...#.....##......
#...#.....########
+...'.....'.......
#...#.....########
##...#.....### ...
#............# ...
#.(.........)###...
#)@o...............
#a)o...............
#..o..............#
#........(.........
#.l............####
#l............##
#..........)..#
..............#
..........#####


You could see an iguana, a worker ant, 2 orc priests, an orc and a leopard
gecko.

Vanquished Creatures
  A howler monkey (D:4)
  An orc priest (D:4)
  3 orc wizards (D:3)
  2 worker ants (D:4)
  5 adders
  An ooze (D:3)
  4 dart slugs
  8 leopard geckos
  20 orcs
  6 bats
  6 giant cockroaches
  8 goblins
  12 hobgoblins
  2 quokkas
  7 frilled lizards
  7 kobolds
  A leopard gecko skeleton (D:4)
  7 rats
101 creatures vanquished.

Vanquished Creatures (others)
  A hobgoblin (D:2)
1 creature vanquished.

Grand Total: 102 creatures vanquished

Notes
Turn   | Place    | Note
-------+----------+-------------------------------------------
     0 | D:1      | galech the Demonspawn Fighter began the quest for the Orb.
     0 | D:1      | Reached XP level 1. HP: 18/18 MP: 1/1
    61 | D:1      | Gained mutation: You are immune to rotting. [demonic
                  | ancestry]
    61 | D:1      | Reached XP level 2. HP: 18/24 MP: 2/2
   115 | D:1      | Reached skill level 2 in Axes
   477 | D:1      | Gained mutation: When hurt, damage is shared between your
                  | health and your magic reserves. [demonic ancestry]
   477 | D:1      | Reached XP level 3. HP: 25/29 MP: 3/3
   961 | D:2      | Found a white marble altar of Elyvilon.
  1062 | D:2      | Gained mutation: You have a pair of small antennae on your
                  | head. [demonic ancestry]
  1062 | D:2      | Reached XP level 4. HP: 16/35 MP: 2/4
  1271 | D:2      | Found a blossoming altar of Fedhas.
  1271 | D:2      | Found a hide-covered altar of Uskayaw.
  1296 | D:2      | Found a deep blue altar of Sif Muna.
  1511 | D:3      | Found a sparkling altar of Nemelex Xobeh.
  1630 | D:3      | Reached skill level 3 in Axes
  1706 | D:3      | Found a bloodstained altar of Trog.
  1727 | D:3      | Found an ornate altar of the Wu Jian Council.
  1859 | D:3      | Gained mutation: You are partially covered in thin metallic
                  | scales. (AC +2) [demonic ancestry]
  1859 | D:3      | Reached XP level 5. HP: 29/41 MP: 2/5
  1909 | D:3      | Found an iron altar of Okawaru.
  1914 | D:3      | Became a worshipper of Warmaster Okawaru
  2399 | D:3      | Reached skill level 4 in Axes
  2730 | D:4      | Reached XP level 6. HP: 30/48 MP: 4/6
  3033 | D:4      | HP: 2/48 [orc/+0 hand axe (2)]
  3033 | D:4      | Killed from afar by an orc priest

Levels and vault maps discovered:
D:1:      dpeg_arrival_fog, layout_loops_cross
D:2:      layout_basic, elyvilon_altar_4, gammafunk_temple_overflow_statue,
          old_standard_altar, first_ration
D:3:      layout_basic, lemuel_round_altar, overflow_temple_1_default,
          lemuel_crystal_altar, nemelex_spade_bored_becter
D:4:      layout_basic

Skill      XL: |  1  2  3  4  5 |
---------------+----------------+-----
Axes           | 2 3 4 |  4.3
Armour         | 3 |  3.9
Shields        | 3 |  3.6
Fighting       | |  3.8
Dodging        | |  0.6
Stealth        | |  0.1

Action                   |  1- 3 |  4- 6 || total
-------------------------+-------+-------++-------
Melee: War axe           |   130 |   255 ||   385
  Use: Potion            |       |     1 ||     1
  Eat: Chunk             |    17 |     7 ||    24
Armor: Scale mail        |    26 |       ||    26
       Chain mail        |    65 |   190 ||   255
Dodge: Dodged            |    34 |    46 ||    80
Block: Shield            |    61 |   117 ||   178

Table legend:
 A = Non-vault XP
 B = Vault XP
 C = Vault XP percentage of total XP
 D = Non-vault monster count
 E = Vault monster count
 F = Vault count percentage of total count
                 A         B        C        D         E       F
            +---------+---------+-------+---------+---------+-------
      Total |     540 |       0 |   0.0 |     101 |       0 |   0.0
            +---------+---------+-------+---------+---------+-------
        D:1 |      50 |       0 |   0.0 |      27 |       0 |   0.0
        D:2 |      58 |       0 |   0.0 |      19 |       0 |   0.0
        D:3 |     250 |       0 |   0.0 |      42 |       0 |   0.0
        D:4 |     182 |       0 |   0.0 |      13 |       0 |   0.0
            +---------+---------+-------+---------+---------+-------
